 Dungeon Crawl Stone Soup version 0.27.1-33-g824d729ab1 (webtiles) character file.

Game seed: 823974181918005983

2226 DearestLeader the Thaumaturge (level 9, -1/68 HPs)
             Began as a Gnoll Wanderer on Dec 1, 2021.
             Was an Initiate of Ru.
             Slain by a wolf (9 damage)
             ... on level 8 of the Dungeon.
             The game lasted 00:19:02 (11108 turns).

DearestLeader the Thaumaturge (Gnoll Wanderer)     Turns: 11108, Time: 00:19:02

Health: -1/68      AC:  8    Str: 12    XL:     9   Next: 36%
Magic:  19/21      EV: 13    Int: 20    God:    Ru [......]
Gold:   428        SH:  0    Dex: 12    Spells: 16/24 levels left

rFire    . . .     SeeInvis .   q - +1 trident (venom)
rCold    . . .     Faith    .   (no shield)
rNeg     . . .     Spirit   .   o - +0 leather armour
rPois    .         Reflect  .   (no helmet)
rElec    .         Harm     .   E - scarf {+Inv}
rCorr    +         Rampage  .   H - +1 pair of gloves
Will     .....                  K - +2 pair of boots {Stlth+}
Stlth    +++.......             e - amulet of regeneration
HPRegen  1.21/turn              F - ring of resist corrosion
MPRegen  0.17/turn              G - +6 ring of intelligence

@: no status effects
A: fangs 1, strong nose, distributed training
a: Renounce Religion, Evoke Invisibility


You were on level 8 of the Dungeon.
You worshipped Ru.
Ru was noncommittal.
You visited 2 branches of the dungeon, and saw 9 of its levels.

You collected 428 gold pieces.

Inventory:

Hand Weapons
 a - a +0 flail of holy wrath
 q - a +1 trident of venom (weapon)
 s - a +2 whip of draining
 u - a +2 hand axe of electrocution
Missiles
 d - a throwing net
 h - 30 poisoned darts (quivered)
Armour
 b - a +0 robe
 n - a +0 pair of boots
 o - a +0 leather armour (worn)
 v - a +2 kite shield of fire resistance
 w - a +0 plate armour of poison resistance
 A - a +0 buckler
 E - a scarf of invisibility (worn)
 H - a +1 pair of gloves (worn)
 K - a +2 pair of boots of stealth (worn)
Jewellery
 e - an amulet of regeneration (around neck)
 y - a ring of fire
 B - a ring of flight
 F - a ring of resist corrosion (left hand)
 G - a +6 ring of intelligence (right hand)
 I - an amulet of faith
Wands
 p - a wand of mindburst (13)
 r - a wand of iceblast (7)
Scrolls
 c - 7 scrolls of teleportation
 f - 2 scrolls of noise {unknown}
 i - 4 scrolls of identify {unknown}
 k - 2 scrolls of enchant armour {unknown}
 m - a scroll of magic mapping {unknown}
 x - a scroll of blinking {unknown}
 z - 2 scrolls of immolation {unknown}
 C - a scroll of fog {unknown}
 D - a scroll of vulnerability {unknown}
Potions
 g - a potion of ambrosia {unknown}
 j - 2 potions of lignification {unknown}
 l - a potion of cancellation {unknown}
 t - a potion of curing
 J - a potion of attraction {unknown}


   Skills:
 + Level 5.0 Fighting
 + Level 4.1 Short Blades
 + Level 4.1 Long Blades
 + Level 4.1 Axes
 + Level 4.1 Maces & Flails
 + Level 4.1 Polearms
 + Level 4.1 Staves
 + Level 4.1 Slings
 + Level 4.1 Bows
 + Level 4.1 Crossbows
 + Level 5.0 Throwing
 + Level 4.1 Armour
 + Level 5.0 Dodging
 + Level 4.8 Stealth
 + Level 4.1 Shields
 + Level 5.0 Unarmed Combat
 + Level 8.3 Spellcasting
 + Level 3.4 Conjurations
 + Level 3.4 Hexes
 + Level 3.4 Summonings
 + Level 3.4 Necromancy
 + Level 3.4 Translocations
 + Level 5.2 Transmutations
 + Level 3.4 Fire Magic
 + Level 3.4 Ice Magic
 + Level 3.4 Air Magic
 + Level 3.4 Earth Magic
 + Level 3.4 Poison Magic
 + Level 4.6 Invocations
 + Level 4.1 Evocations


You had 16 spell levels left.
You knew the following spells:

 Your Spells              Type           Power      Damage    Failure   Level
a - Magic Dart            Conj           88%        1d7       2%          1
b - Call Imp              Summ           22%        N/A       3%          2
c - Blink                 Tloc           N/A        N/A       3%          2
d - Mephitic Cloud        Conj/Pois/Air  22%        N/A       8%          3

Your spell library contained the following spells:

 Spells                   Type           Power      Damage    Failure   Level
 Passwall                 Tmut/Erth      20%        N/A       2%          2
 Slow                     Hex            22%        N/A       3%          2
 Conjure Flame            Conj/Fire      22%        6-21      8%          3
 Swiftness                Air            22%        N/A       8%          3
 Airstrike                Air            11%        N/A       26%         4
 Summon Lightning Spire   Summ/Air       22%        N/A       26%         4
 Lightning Bolt           Conj/Air       11%        1d24      56%         5
 Invisibility             Hex            11%        N/A       98%         6


Dungeon Overview and Level Annotations

Branches:
Dungeon (8/15)             Temple (1/1) D:6
   Lair: D:8-11

Altars:
Ru
Wu Jian
Yredelemnul
The Shining One

Annotations:
D:5 Grinder


Innate Abilities, Weirdness & Mutations

You have very sharp teeth.
Your uncanny sense of smell can sniff out nearby items.
Your experience applies equally to all skills.


Message History

The wyvern bites you!
Your crimson imp hits the wyvern but does no damage.
The wyvern bites you.
The wolf stops to sniff the ground.
Your crimson imp blinks!
The wyvern closely misses you.
The wolf pauses to sniff the ground.
The wyvern closely misses you.
You barely miss the wyvern. The wyvern bites you.
Something closely misses your crimson imp.
The wyvern misses you.
You barely miss the wyvern. The wolf barely misses you.
Something bites your crimson imp but does no damage.
The wyvern closely misses you. The wolf bites you but does no damage.
You puncture the wyvern!
The wyvern is moderately wounded.
The wolf bites you!
A hound comes into view.
The wyvern closely misses you. The wolf barely misses you.
The hound pauses to sniff the ground.
The wyvern barely misses you.
Casting: Call Imp (safe; 3% risk of failure)
Confirm with . or Enter, or press ? or * to list all spells.
A beastly little devil appears in a puff of flame.
The wolf barely misses you.
The hound closely misses your crimson imp.
The wyvern bites you!
* * * LOW HITPOINT WARNING * * *
The wolf bites you.
* * * LOW HITPOINT WARNING * * *
The wyvern bites you but does no damage.
The wyvern barely misses your crimson imp.
The wolf bites you.
* * * LOW HITPOINT WARNING * * *
Your crimson imp hits the wyvern but does no damage.
Your crimson imp blinks!
You barely miss the wolf. The wolf closely misses you. The wyvern bites you!
* * * LOW HITPOINT WARNING * * *
The wolf bites you!
You die...

...................
#................##
###......##.##..###
.##.##$..........##..
.......ยง............<
.#.....h...............
.........................
..>...5hl...............
#...[..@....#.....[.....
#...#.......##..........
#............##......##.
#....##...##.#........#.
..........#.............
.........####.#......##.
...#.....# ####........
... ...... #.........
.... ##........


You could see a wyvern (ally target), a wolf, a hound and a friendly crimson imp
(summoned).

Vanquished Creatures
  A water moccasin (D:7)
  2 sky beasts (D:4)
  A black bear (D:8)
  A necrophage (D:6)
  A centaur (D:7)
  A phantom (D:6)
  2 bullfrogs
  2 gnoll sergeants
  A wyvern skeleton (D:7)
  A water moccasin skeleton (D:5)
  2 bullfrog zombies
  A centaur zombie (D:8)
  3 hounds
  2 bullfrog skeletons (D:6)
  5 orc priests
  3 iguanas
  3 orc wizards
  A hound skeleton (D:5)
  3 gnolls
  6 adders
  A shadow imp (D:7)
  4 white imps
  An ufetubus (D:6)
  An adder skeleton (D:4)
  4 worms
  A dart slug (D:1)
  19 orcs
  4 endoplasms
  10 giant cockroaches
  6 goblins
  4 hobgoblins
  3 kobolds
  6 quokkas
  5 ball pythons
  5 bats
  3 frilled lizards
  4 rats
123 creatures vanquished.

Vanquished Creatures (collateral kills)
  A water moccasin (D:6)
  2 ogres
  A necrophage (D:4)
  2 bullfrogs (D:7)
  A scorpion (D:4)
  A hound (D:5)
  2 iguanas
  An orc wizard (D:5)
  8 gnolls
  An adder (D:2)
  An ufetubus (D:7)
  6 orcs
  4 giant cockroaches (D:3)
  A hobgoblin (D:2)
  2 kobolds (D:2)
  A ball python (D:2)
35 creatures vanquished.

Grand Total: 158 creatures vanquished

Notes
Turn   | Place    | Note
-------+----------+-------------------------------------------
     0 | D:1      | DearestLeader the Gnoll Wanderer began the quest for the
                  | Orb.
     0 | D:1      | DearestLeader set off with the following items: a +0
                  | dagger, a +0 robe, a scroll of teleportation; and the
                  | following spell memorised: Magic Dart; and the following
                  | spells available to memorise: Blink, Call Imp, Slow,
                  | Conjure Flame, Mephitic Cloud
     0 | D:1      | Reached XP level 1. HP: 17/17 MP: 8/8
   354 | D:1      | Reached XP level 2. HP: 18/23 MP: 10/10
   736 | D:1      | Reached XP level 3. HP: 25/28 MP: 11/11
   739 | D:1      | Learned a level 2 spell: Call Imp
   742 | D:1      | Learned a level 2 spell: Blink
  1260 | D:2      | Reached skill level 1 in Invocations
  1695 | D:2      | Found a faded altar of an unknown god.
  1861 | D:2      | Reached skill level 1 in Short Blades
  1861 | D:2      | Reached skill level 1 in Long Blades
  1861 | D:2      | Reached skill level 1 in Axes
  1861 | D:2      | Reached skill level 1 in Maces & Flails
  1861 | D:2      | Reached skill level 1 in Polearms
  1861 | D:2      | Reached skill level 1 in Staves
  1861 | D:2      | Reached skill level 1 in Slings
  1861 | D:2      | Reached skill level 1 in Bows
  1861 | D:2      | Reached skill level 1 in Crossbows
  1861 | D:2      | Reached skill level 1 in Armour
  1861 | D:2      | Reached skill level 1 in Shields
  1861 | D:2      | Reached skill level 1 in Evocations
  2040 | D:2      | Reached XP level 4. HP: 34/34 MP: 5/13
  3212 | D:3      | Reached skill level 1 in Conjurations
  3212 | D:3      | Reached skill level 1 in Hexes
  3212 | D:3      | Reached skill level 1 in Summonings
  3212 | D:3      | Reached skill level 1 in Necromancy
  3212 | D:3      | Reached skill level 1 in Translocations
  3212 | D:3      | Reached skill level 1 in Fire Magic
  3212 | D:3      | Reached skill level 1 in Ice Magic
  3212 | D:3      | Reached skill level 1 in Air Magic
  3212 | D:3      | Reached skill level 1 in Earth Magic
  3212 | D:3      | Reached skill level 1 in Poison Magic
  3546 | D:3      | Reached XP level 5. HP: 23/40 MP: 14/14
  4664 | D:4      | Reached XP level 6. HP: 47/47 MP: 16/16
  5019 | D:4      | Noticed a necrophage
  5027 | D:4      | Killed a necrophage
  5193 | D:4      | Noticed a sky beast
  5207 | D:4      | Killed a sky beast
  5331 | D:4      | HP: 1/47 [ogre (11)]
  5335 | D:4      | Reached XP level 7. HP: 2/52 MP: 4/18
  6212 | D:4      | Learned a level 3 spell: Mephitic Cloud
  6423 | D:5      | Entered Level 5 of the Dungeon
  7806 | D:5      | Noticed Grinder
  7882 | D:4      | Reached XP level 8. HP: 24/60 MP: 19/19
  8907 | D:6      | HP: 3/60 [water moccasin (5)]
  9397 | D:6      | Reached skill level 8 in Spellcasting
  9618 | D:6      | Found a staircase to the Ecumenical Temple.
  9639 | Temple   | Entered the Ecumenical Temple
  9651 | Temple   | Became a worshipper of Ru the Awakened
 10170 | D:7      | Reached skill level 5 in Transmutations
 10170 | D:7      | Reached XP level 9. HP: 46/66 MP: 14/21
 10264 | D:7      | HP: 1/66 [poisoned by a gnoll sergeant]
 11068 | D:8      | Reached skill level 5 in Fighting
 11068 | D:8      | Reached skill level 5 in Throwing
 11068 | D:8      | Reached skill level 5 in Dodging
 11068 | D:8      | Reached skill level 5 in Unarmed Combat
 11108 | D:8      | Slain by a wolf

Illustrated notes

Levels and vault maps discovered:
D:1:      tarquinn_simple_flora_water_e, layout_basic, minmay_bisected
D:2:      layout_basic, dreamdust_ecumenical_altar_grove, minmay_circle_x
D:3:      minmay_roachtagon, layout_loops_ring
D:4:      layout_cave_pods, lightli_minifort
D:5:      layout_cave_pods, uniq_grinder
D:6:      layout_loops_cross, minmay_temple_entry_poolview
D:7:      layout_basic
D:8:      layout_cave_pools, nicolae_gozag_zags_fifth_avenue, erik_lair_island
Temple:   nicolae_temple_the_god_donut

Skill      XL: |  1  2  3  4  5  6  7  8  9 |
---------------+----------------------------+-----
Invocations    | 1 2 3 4 |  4.6
Short Blades   | 1 2 3 4 |  4.1
Long Blades    | 1 2 3 4 |  4.1
Axes           | 1 2 3 4 |  4.1
Maces & Flails | 1 2 3 4 |  4.1
Polearms       | 1 2 3 4 |  4.1
Staves         | 1 2 3 4 |  4.1
Slings         | 1 2 3 4 |  4.1
Bows           | 1 2 3 4 |  4.1
Crossbows      | 1 2 3 4 |  4.1
Armour         | 1 2 3 4 |  4.1
Shields        | 1 2 3 4 |  4.1
Evocations     | 1 2 3 4 |  4.1
Conjurations   | 1 2 3 |  3.4
Hexes          | 1 2 3 |  3.4
Summonings     | 1 2 3 |  3.4
Necromancy     | 1 2 3 |  3.4
Translocations | 1 2 3 |  3.4
Fire Magic     | 1 2 3 |  3.4
Ice Magic      | 1 2 3 |  3.4
Air Magic      | 1 2 3 |  3.4
Earth Magic    | 1 2 3 |  3.4
Poison Magic   | 1 2 3 |  3.4
Fighting       | 3 4 5 |  5.0
Throwing       | 3 4 5 |  5.0
Dodging        | 3 4 5 |  5.0
Unarmed Combat | 3 4 5 |  5.0
Transmutations | 4 5 |  5.2
Stealth        | 3 4 |  4.8
Spellcasting   | 8 |  8.3

Action                   |  1- 3 |  4- 6 |  7- 9 || total
-------------------------+-------+-------+-------++-------
Melee: Long sword        |    66 |       |       ||    66
       Bite              |     7 |    12 |    18 ||    37
       Whip              |    19 |    65 |       ||    84
       Punch             |     2 |     2 |     5 ||     9
       Hand axe          |       |    71 |   165 ||   236
       Trident           |       |       |    52 ||    52
Throw: Dart              |     3 |       |     9 ||    12
 Cast: Magic Dart        |    22 |    24 |    11 ||    57
       Call Imp          |     6 |    27 |    59 ||    92
       Blink             |       |     3 |     1 ||     4
       Mephitic Cloud    |       |       |     1 ||     1
  Use: Potion            |     1 |       |     4 ||     5
 Stab: Sleeping          |     3 |     1 |     5 ||     9
       Confused          |       |       |     1 ||     1
Armor: Robe              |    10 |       |       ||    10
       Leather armour    |       |    55 |    56 ||   111
Dodge: Dodged            |    74 |   125 |   164 ||   363
       Rpst.: Long sword |    13 |       |       ||    13
